 Dungeon Crawl Stone Soup version 0.22-a0-362-g535178c (webtiles) character file.

84 zero the Sneak (level 4, 0/21 HPs)
             Began as a Spriggan Enchanter on Apr 19, 2018.
             Succumbed to a worker ant's poison
             ... on level 4 of the Dungeon.
             The game lasted 00:02:53 (1562 turns).

zero the Sneak (Spriggan Enchanter)                 Turns: 1562, Time: 00:02:54

Health: 0/21       AC:  2    Str:  2 (4)  XL:     4   Next: 23%
Magic:  9/9        EV: 18    Int: 15 (16) God:
Gold:   53         SH:  0    Dex: 14 (17) Spells: 2/8 levels left

rFire    + . .     SeeInvis +   a - +1 dagger
rCold    + . .     Gourm    .   (shield restricted)
rNeg     . . .     Faith    .   b - +0 robe
rPois    +         Spirit   .   (helmet restricted)
rElec    +         Reflect  .   (no cloak)
rCorr    +         Harm     .   (gloves unavailable)
MR       .....                  (boots unavailable)
Stlth    ++++......             (no amulet)
HPRegen  0.07/turn              (no ring)
MPRegen  0.11/turn              (no ring)

@: lethally poisoned (0 -> -8), resistant, berserk cooldown, slowed, quick
A: very small, unfitting armour, see invisible, herbivore, speed 3, slow
metabolism 2
a: no special abilities


You were on level 4 of the Dungeon.
You were not hungry.

You visited 1 branch of the dungeon, and saw 3 of its levels.

You collected 53 gold pieces.

Inventory:

Hand Weapons
 a - a +1 dagger (weapon)
Armour
 b - a +0 robe (worn)
Scrolls
 f - 2 scrolls of identify {unknown}
 g - a scroll of random uselessness {unknown}
Comestibles
 d - a ration


   Skills:
 - Level 1.1 Short Blades
 - Level 3.0 Dodging
 + Level 7.9 Stealth
 - Level 2.6 Spellcasting
 - Level 3.6 Hexes


You had 2 spell levels left.
You knew the following spells:

 Your Spells              Type           Power        Failure   Level  Hunger
a - Corona                Hex            ##.....      4%          1    #......
b - Ensorcelled Hibernat  Hex/Ice        #.....       16%         2    ##.....
c - Confuse               Hex            ##......     14%         3    ###....


Dungeon Overview and Level Annotations

Branches:
Dungeon (2/15)

Altars:
Xom


Innate Abilities, Weirdness & Mutations

You are very small and have problems with some larger weapons.
You are too small for most types of armour.
You have supernaturally acute eyesight. (SInv)
You are a herbivore.
You cover ground extremely quickly.
You need to consume almost no food.


Message History

* * * LOW HITPOINT WARNING * * *
You feel sick.
You see here a metallic emerald potion.
It was a potion of resistance.
You feel protected.
* * * LOW HITPOINT WARNING * * *
You feel sick.
c - a metallic emerald potion
* * * LOW HITPOINT WARNING * * *
You feel sick.
It was a potion of degeneration.
There was something very wrong with that liquid.
You feel weakened.
You feel dopey.
You feel clumsy.
* * * LOW HITPOINT WARNING * * *
You feel sick.
* * * LOW HITPOINT WARNING * * *
You feel sick.
* * * LOW HITPOINT WARNING * * *
You feel sick.
You die...

.. ..#. ... #.#####
.##.....## .........#
####....#########
+####
#....##@!....##....#
#..................#
#..................#
#..................#
##...##...##.##...# ##
######...##.##...##...
#>..............>.
#.................
#...[.............


There were no monsters in sight!

Vanquished Creatures
  A worker ant (D:4)
  3 adders (D:2)
  2 dart slugs (D:1)
  2 bats (D:1)
  6 goblins
  3 hobgoblins
  4 jackals (D:1)
  A quokka (D:2)
  A frilled lizard (D:1)
  5 kobolds
  3 rats
31 creatures vanquished.

Notes
Turn   | Place    | Note
-------+----------+-------------------------------------------
     0 | D:1      | zero the Spriggan Enchanter began the quest for the Orb.
     0 | D:1      | Reached XP level 1. HP: 9/9 MP: 5/5
    81 | D:1      | Reached skill level 5 in Stealth
   119 | D:1      | Reached XP level 2. HP: 5/13 MP: 4/6
   175 | D:1      | You fall through a shaft!
   439 | D:2      | Learned a level 2 spell: Ensorcelled Hibernation
   442 | D:2      | Reached skill level 6 in Stealth
   517 | D:1      | Reached XP level 3. HP: 13/16 MP: 0/8
   522 | D:1      | Learned a level 3 spell: Confuse
   900 | D:2      | Found a shimmering altar of Xom.
   998 | D:2      | Reached skill level 7 in Stealth
  1457 | D:2      | Found a shimmering altar of Xom.
  1476 | D:2      | Found a shimmering altar of Xom.
  1477 | D:2      | Found a shimmering altar of Xom.
  1477 | D:2      | Found a shimmering altar of Xom.
  1478 | D:2      | Found a shimmering altar of Xom.
  1478 | D:2      | Found a shimmering altar of Xom.
  1478 | D:2      | Found a shimmering altar of Xom.
  1479 | D:2      | Found a shimmering altar of Xom.
  1527 | D:2      | You fall through a shaft for 2 floors!
  1548 | D:4      | Reached XP level 4. HP: 10/21 MP: 9/9
  1560 | D:4      | HP: 1/21 [poisoned by a worker ant]
  1562 | D:4      | Succumbed to a worker ant's poison

Vault maps used:
D:1:      elethiomel_arrival_maze, minmay_misc_feat_enclosed,
          serial_bayou_pond_b, minmay_tromino_v4_a
D:2:      grunt_temple_overflow_open, xom_redecorated, grunt_decor_resistance,
          st_stairs_3, minmay_misc_feat_hallway, grunt_decor_mini_mirrors,
          uniq_natasha
D:4:      okawaru_trees_1, uniq_eustachio

Skill      XL: |  1  2  3 |
---------------+----------+-----
Stealth        | 5 6 7 |  7.9
Short Blades   | |  1.1
Dodging        | |  3.0
Spellcasting   | |  2.6
Hexes          | |  3.6

Action                   |  1- 3 |  4- 6 || total
-------------------------+-------+-------++-------
Melee: Dagger            |   106 |       ||   106
 Cast: Corona            |     4 |       ||     4
       Ensorcelled Hiber |    20 |       ||    20
  Use: Potion            |     1 |     2 ||     3
 Stab: Sleeping          |    16 |       ||    16
Armor: Robe              |     7 |       ||     7
Dodge: Dodged            |    85 |       ||    85

Table legend:
 A = Spawn XP
 B = Non-spawn XP
 C = Spawn XP percentage of total XP
 D = Spawn monster count
 E = Non-spawn monster count
 F = Spawn count percentage of total count
 G = Total turns spent on level
                    A         B        C        D         E        F      G
               +---------+---------+-------+---------+---------+-------+---------
         Total |       0 |     120 |   0.0 |       0 |      31 |   0.0 |  1562
               +---------+---------+-------+---------+---------+-------+---------
           D:1 |       0 |      39 |   0.0 |       0 |      21 |   0.0 |   592
           D:2 |       0 |      49 |   0.0 |       0 |       9 |   0.0 |   935
           D:4 |       0 |      32 |   0.0 |       0 |       1 |   0.0 |    35
               +---------+---------+-------+---------+---------+-------+---------
